 Dungeon Crawl Stone Soup version 0.20.1-1-g8b1a95d (webtiles) character file.

521031 Nattfarinn the Hoplite (level 25, -13/171 HPs)
             Began as a Gargoyle Berserker on July 28, 2017.
             Was the Champion of Trog.
             Killed by the air
             ... invoked by a titan
              (46 damage)
             ... on level 5 of the Vaults on July 31, 2017.
             The game lasted 04:01:05 (61034 turns).

Nattfarinn the Hoplite (Gargoyle Berserker)        Turns: 61034, Time: 04:01:06

Health: -13/171    AC: 54    Str: 37    XL:     25   Next: 88%
Magic:  7/7        EV: 16    Int: 10    God:    Trog [******]
Gold:   4452       SH:  0    Dex: 12    Spells: 24/24 levels left

rFire    + + +     SeeInvis +   k - +9 demon whip (antimagic)
rCold    . . .     Gourm    .   L - +8 large shield
rNeg     + + .     Faith    .   x - +11 chain mail "Boegh" {rF+++ MR+ Str+4 Dex-3}
rPois    ∞         Spirit   .   w - +2 helmet {SInv}
rElec    +         Reflect  .   V - scarf {cloud immunity}
rCorr    +         Harm     .   I - +0 pair of fencer's gloves {+Riposte Dex+3}
MR       ++++.     Rnd*Tele +   R - +2 pair of boots {run}
Stlth    ..........             E - amulet "Piklokhu" {rF+ Regen+ Str+3 Stlth+}
Regen    1.8/turn               G - ring of Autumn {rElec rF+ Dex+2 Stlth+}
MPRegen  0.1/turn               l - ring of Conformity {rCorr rF+ rN+}

@: confused, flying, regenerating, slowed, studying Staves, drained, very slow
A: big wings, iridescent scales 1, blink, fire resistance 1, negative energy
resistance 1, electricity resistance, teleportitis 1, unbreathing, petrification
resistance, rot immunity, AC +19
}: 2/15 runes: decaying, gossamer
a: Stop Flying, Blink, Berserk, Trog's Hand, Brothers in Arms, Burn Spellbooks,
Renounce Religion


You were on level 5 of the Vaults.
You worshipped Trog.
Trog was exalted by your worship.
You were not hungry.

You visited 9 branches of the dungeon, and saw 45 of its levels.
You visited the Abyss 2 times.
You also visited: Sewer and Ossuary.

You collected 4930 gold pieces.
You spent 478 gold pieces at shops.

Inventory:

Hand Weapons
 b - the +1 longbow of Ehuege Koedi {freeze, rN+ MR++ Str-2 SInv}
   (Trog gifted it to you on level 1 of the Vaults)

   It causes projectiles fired from it to freeze those they strike, causing
   extra injury to most foes and up to half again as much damage against
   particularly susceptible opponents.
   They can also slow down cold-blooded creatures.
   It affects your strength (-2).
   It protects you from negative energy.
   It affects your resistance to hostile enchantments.
   It lets you see invisible.
 k - a +9 antimagic demon whip (weapon)
 P - the +11 morningstar of the Foremost Tables {speed, rC+}
   (Trog gifted it to you on level 4 of the Spider Nest)

   Attacks with this weapon are significantly faster.
   It protects you from cold.
 Q - the +7 morningstar of Modesty {vamp, *Contam rElec rF++}
   (Trog gifted it to you on level 2 of the Vaults)

   It inflicts no extra harm, but heals its wielder when it wounds a living foe.
   It greatly protects you from fire.
   It insulates you from electricity.
   It causes magical contamination when unequipped.
 X - a +4 eveningstar of holy wrath
Armour
 w - a +2 helmet of see invisible (worn)
 x - the +11 chain mail "Boegh" (worn) {rF+++ MR+ Str+4 Dex-3}
   (You found it on level 2 of the Lair of Beasts)

   It affects your strength (+4).
   It affects your dexterity (-3).
   It renders you almost immune to fire.
   It affects your resistance to hostile enchantments.
 I - the +0 pair of fencer's gloves (worn) {+Riposte Dex+3}
   (You found it on level 3 of the Elven Halls)

   It affects your dexterity (+3).
 L - a +8 large shield (worn)
 R - a +2 pair of boots of running (worn)
 V - a scarf of cloud immunity (worn)
Jewellery
 d - an uncursed ring of protection from cold
 f - an uncursed amulet of the gourmand
 l - the ring of Conformity (right hand) {rCorr rF+ rN+}
   (You found it on level 3 of the Depths)

   [ring of resist corrosion]

   It protects you from fire.
   It protects you from negative energy.
 n - an uncursed ring of protection from magic
 y - the ring "Aler" {Int+2 Slay+3}
   (You found it on level 3 of the Elven Halls)

   [ring of intelligence]

   It affects your intelligence (+2).
   It affects your accuracy and damage with ranged weapons and melee attacks
   (+3).
 E - the amulet "Piklokhu" (around neck) {rF+ Regen+ Str+3 Stlth+}
   (You acquired it on level 3 of the Vaults)

   [amulet of regeneration]

   It affects your strength (+3).
   It protects you from fire.
   It increases your rate of regeneration.
   It makes you more stealthy.
 F - an uncursed amulet of regeneration {unknown}
 G - the ring of Autumn (left hand) {rElec rF+ Dex+2 Stlth+}
   (You acquired it on level 3 of the Vaults)

   [ring of dexterity]

   It affects your dexterity (+2).
   It protects you from fire.
   It insulates you from electricity.
   It makes you more stealthy.
 N - an uncursed ring of positive energy
Scrolls
 a - 2 scrolls of fear
 e - 2 scrolls of blinking
 i - 4 scrolls of recharging
 m - 17 scrolls of remove curse
 r - a scroll of brand weapon {unknown}
 t - 8 scrolls of magic mapping
 u - a scroll of acquirement
 D - 14 scrolls of teleportation
 J - 2 scrolls of holy word {unknown}
 M - a scroll of identify
 T - 3 scrolls of fog
 U - 4 scrolls of silence
 Y - a scroll of summoning {unknown}
Potions
 h - 9 potions of might
 j - 3 potions of invisibility
 q - 6 potions of haste
 s - 10 potions of mutation
 v - 3 potions of ambrosia
 z - 14 potions of lignification
 A - 8 potions of brilliance
 C - 15 potions of curing
 H - 3 potions of agility
 K - 5 potions of berserk rage
 O - a potion of degeneration {unknown}
 W - a potion of resistance {unknown}
 Z - 4 potions of cancellation {unknown}
Books
 B - a manual of Staves
Comestibles
 c - 26 bread rations
 o - 21 royal jellies
 p - 30 fruits
 S - 11 meat rations


   Skills:
 - Level 21.1(20.9) Fighting
 * Level 23.6(23.4) Maces & Flails
 - Level 15.4(15.3) Armour
 * Level 13.1(12.9) Dodging
 + Level 24.3(24.1) Shields


You had 24 spell levels left.
You didn't know any spells.

Dungeon Overview and Level Annotations

Branches:
Dungeon (15/15)            Temple (0/1) D:5            Lair (6/6) D:8
  Swamp (4/4) Lair:2       Spider (4/4) Lair:3        Slime (1/5) Lair:6
    Orc (2/2) D:12            Elf (3/3) Orc:2        Vaults (5/5) D:14
  Crypt (0/3) Vaults:2     Depths (5/5) D:15            Zot (0/5) Depths:5

Altars:
Dithmenos
Elyvilon
Fedhas
Gozag
Hepliaklqana
Kikubaaqudgha
Makhleb
Nemelex Xobeh
Okawaru
Qazlal
Ru
Trog
Yredelemnul
The Shining One
Beogh
Jiyva

Shops:
Orc:1 !   Orc:2 =([!   Elf:3 :   Vaults:1 [   Depths:1 [   Depths:2 (*!

Portals:
Hell: Depths:1 Depths:2 Depths:3 Depths:4 Depths:5
Abyss: Depths:1 Depths:3 Depths:4
Pandemonium: Depths:1 Depths:2 Depths:3 Depths:5
Ziggurat: Depths:3

Annotations:
D:11 exclusion: orange crystal statue
Lair:4 exclusion: oklob plant
Lair:6 exclusion: oklob plant
Swamp:4 exclusion: Roxanne, Roxanne


Innate Abilities, Weirdness & Mutations

You are resistant to torment.
Your stone body is resilient. (AC +19)
You are immune to poison.
Your large and strong wings let you fly indefinitely.
You resist negative energy. (rN+)
You are resistant to electric shocks. (rElec)
You can survive without breathing.
You are immune to petrification.
You are immune to rotting.
You are partially covered in iridescent scales. (AC +2)
You can translocate small distances at will.
Your flesh is heat resistant. (rF+)
You are occasionally teleported next to monsters.


Message History

The freezing wraith hits you but does no damage.
The freezing wraith hits you!
* * * LOW HITPOINT WARNING * * *
The freezing wraith drains your vigour!
You feel as though you will be slow longer.
The shadow dragon bites you but does no damage.
The shadow dragon claws you but does no damage.
The shadow dragon misses you.
The death knight hits you but does no damage.
The freezing wraith hits you.
* * * LOW HITPOINT WARNING * * *
The freezing wraith freezes you!
* * * LOW HITPOINT WARNING * * *
The freezing wraith closely misses you.
You're too confused!
You whack the shadow dragon!
The shadow dragon is lightly wounded.
The titan waves its arms in wide circles.
The air twists around and violently strikes you in flight!
You die...

.))Ce..)#....#
%|.[O##)# .W.#
!))(.##(# p.#
.$:.C)()#
....##..#
.##.##..#
....# ##)D#
##@# ##W# #pp#
..)p.CWp#
..Dp##..# #..
##.# #. #.# .
..# ...


You could see a shadow dragon, a titan, a death knight, a vault sentinel, an
ironbrand convoker and 2 freezing wraiths.

Vanquished Creatures
  An ancient lich (Abyss:2)
  Xtahua (Depths:3)
  Saint Roka (Orc:2)
  Jory (Vaults:4)
  3 golden dragons
  Arachne (Spider:2)
  A tentacled monstrosity (Depths:2)
  3 liches
  Rupert (D:12)
  2 titans (Vaults:5)
  4 deep elf master archers
  3 deep elf blademasters
  4 sphinxes
  Gastronok (D:10)
  Kirke (Elf:1)
  An ancient champion (Vaults:2)
  A sphinx (shapeshifter) (Depths:4)
  Donald (Spider:1)
  10 storm dragons
  4 tengu reavers
  9 deep elf sorcerers
  An iron dragon (Depths:3)
  6 fire giants
  6 frost giants
  A draconian knight (Depths:5)
  A draconian scorcher (Depths:5)
  3 ghost moths
  A draconian shifter (Depths:5)
  Aizul (Spider:1)
  6 emperor scorpions (Spider:4)
  Louise (Swamp:3)
  16 vault wardens
  An orc warlord (Orc:2)
  A ghoul (Vaults:2)
  17 very ugly things
  A reaper (Depths:2)
  5 deep elf elementalists
  A spriggan defender (Depths:3)
  18 ironheart preservers
  4 entropy weavers
  2 vampire knights
  14 stone giants
  5 war gargoyles
  A lorocyproca (Depths:5)
  A white draconian (Depths:5)
  6 dire elephants (Lair:6)
  7 spark wasps
  2 purple draconians (Depths:5)
  A yellow draconian (Depths:5)
  9 deep elf demonologists
  10 deep elf annihilators
  Snorg (Lair:6)
  A merfolk javelineer (Depths:3)
  The ghost of SirMumm the Destroyer, a journeyman GrWz of Okawaru (Lair:6)
  10 deep elf death magi
  10 ettins
  10 crystal guardians (Depths:4)
  15 ogre magi
  12 fire dragons
  Josephine (Orc:2)
  A merfolk impaler (Depths:3)
  4 deep elf high priests
  13 yaktaur captains
  The ghost of trancid the Basher, a journeyman GrMo of Qazlal (Spider:1)
  3 great orbs of eyes
  14 ice dragons
  6 rakshasas
  21 hydras
  Fannar (Orc:1)
  43 vault guards
  A spriggan air mage (Depths:5)
  8 centaur warriors
  A catoblepas (D:14)
  A catoblepas (shapeshifter) (Vaults:5)
  2 ghost crabs
  Erica (Lair:1)
  An anaconda (Lair:6)
  3 alligators
  A satyr (shapeshifter) (D:15)
  38 two-headed ogres
  49 dancing weapons
  6 deep troll shamans
  3 death knights
  2 tengu warriors
  A thrashing horror (Abyss:2)
  2 vampire magi
  4 death yaks (Lair:5)
  12 deep troll earth magi
  4 orc high priests
  6 spriggan berserkers
  23 deep elf knights
  The ghost of Peloso the Carver, a novice MiFi of Okawaru (D:6)
  A sixfirhy (Abyss:2)
  A fire crab (shapeshifter) (Depths:3)
  An iron troll (shapeshifter) (Depths:5)
  A hell knight (Vaults:5)
  A fire crab (Lair:2)
  An iron golem (Depths:4)
  30 deep trolls
  2 shadow wraiths
  8 glowing orange brains
  A skeletal warrior (Vaults:4)
  5 spriggan druids
  3 unseen horrors
  A deep troll (shapeshifter) (Vaults:1)
  A torturous demonspawn (Depths:5)
  2 wizards (Depths:3)
  2 flayed ghosts
  4 obsidian statues (Depths:4)
  4 necromancers
  2 phantasmal warriors
  19 deep elf archers
  13 ironbrand convokers
  5 shambling mangroves
  10 swamp dragons
  7 orc knights
  An orb spider (shapeshifter) (Vaults:1)
  2 wolf spider zombies
  74 deep elf magi
  26 wolf spiders
  4 cyclopes
  12 orb spiders
  60 ugly things
  15 orc sorcerers
  A cyclops (shapeshifter) (Depths:4)
  A wolf spider (shapeshifter) (Depths:4)
  A worldbinder (Abyss:2)
  A manticore (Lair:5)
  3 black mambas
  4 moths of wrath
  6 centaur zombies
  A naga mage (D:15)
  2 black mambas (shapeshifter)
  14 vault sentinels
  A water nymph (shapeshifter) (Depths:2)
  A rust devil (Depths:2)
  An eye of devastation (shapeshifter) (Depths:4)
  A molten gargoyle (Depths:4)
  A smoke demon (Depths:5)
  An orange demon (Depths:2)
  26 elephants
  6 centaur skeletons
  5 gargoyles
  2 large abominations
  6 rime drakes
  27 spiny frogs
  A torpor snail (Lair:6)
  3 yaktaur zombies
  5 spectral swamp worms
  A hellion (Abyss:2)
  4 freezing wraiths
  34 yaktaurs
  2 tengu conjurers (Depths:2)
  An efreet (Abyss:2)
  7 komodo dragons
  9 demonic crawlers
  3 hellwings
  3 yaktaurs (shapeshifter)
  9 starcursed masses (Abyss:2)
  An ancient zyme (Abyss:2)
  2 rime drakes (shapeshifter)
  A harpy zombie (D:15)
  3 merfolk (shapeshifter)
  6 meliai
  A silent spectre (Abyss:2)
  2 queen bees
  8 trolls
  A wind drake (Depths:4)
  31 jumping spiders
  A troll (shapeshifter) (Depths:2)
  A polar bear (Lair:6)
  A slime creature (shapeshifter) (Depths:4)
  A wolf spider simulacrum (Vaults:1)
  Prince Ribbit (Lair:1)
  A hornet (shapeshifter) (Depths:1)
  14 bog bodies
  A meliai zombie (D:7)
  A raiju (shapeshifter) (Depths:3)
  26 hornets
  10 hippogriffs
  3 tyrant leeches
  6 dream sheep
  A hippogriff (shapeshifter) (Depths:1)
  35 slime creatures
  A flying skull (Vaults:2)
  10 raiju (Depths:4)
  19 blink frogs
  A dream sheep (shapeshifter) (Abyss:2)
  Sigmund (D:3)
  A snapping turtle (shapeshifter) (Depths:4)
  3 vampires
  3 tarantellas (shapeshifter)
  24 tarantellas
  58 redbacks
  7 spriggans
  2 spriggan skeletons (Depths:1)
  8 wraiths
  40 yaks
  18 water elementals
  A wyvern (shapeshifter) (Depths:3)
  6 wyverns
  3 shadows
  8 air elementals
  A human (shapeshifter) (D:14)
  3 hogs (Elf:1)
  A yak (shapeshifter) (Depths:2)
  3 ynoxinuls
  3 chaos spawn
  9 fire elementals
  A steam dragon (Abyss:2)
  5 basilisks
  12 vampire mosquitoes
  3 hungry ghosts
  18 swamp worms
  2 two-headed ogre zombies (D:12)
  12 wargs
  Edmund (D:6)
  A soldier ant (shapeshifter) (Depths:4)
  A swamp worm (shapeshifter) (Depths:4)
  2 wargs (shapeshifter)
  A soldier ant (D:11)
  10 insubstantial wisps
  2 floating eyes (shapeshifter) (Depths:4)
  10 water moccasins
  5 acid dragons
  A floating eye (Depths:3)
  3 black bears
  3 phantoms
  8 porcupines
  4 sky beasts
  2 hornet zombies
  47 orc warriors
  26 swamp drakes
  5 ice beasts
  38 ogres
  A wolf (shapeshifter) (Depths:4)
  An ettin simulacrum (Vaults:4)
  A tengu (shapeshifter) (Depths:2)
  16 centaurs
  7 wolves (Lair:6)
  A boggart (Vaults:3)
  10 crocodiles
  6 big kobolds
  15 bullfrogs
  3 human zombies (Vaults:2)
  2 wyvern zombies
  13 earth elementals
  A human simulacrum (Vaults:2)
  A water moccasin zombie (D:11)
  5 scorpions
  A hornet simulacrum (D:15)
  2 troll zombies (D:12)
  An elf simulacrum (Vaults:4)
  66 killer bees
  An electric eel (Lair:2)
  11 wights
  2 howler monkeys
  5 bullfrog zombies
  6 crimson imps
  A quasit (D:10)
  A wyvern simulacrum (D:14)
  4 hounds
  A jelly (D:11)
  17 orc priests
  3 bullfrog skeletons
  Jessica (D:3)
  2 iguanas
  37 orc wizards
  10 worker ants
  6 small abominations
  4 ogre zombies (D:12)
  A hound zombie (D:10)
  3 hound skeletons
  3 mummies (Ossuary)
  A worker ant zombie (D:8)
  A howler monkey zombie (D:5)
  A howler monkey skeleton (D:6)
  10 gnolls
  A river rat (D:4)
  14 adders
  11 shadow imps
  2 white imps (Abyss:2)
  2 oozes
  4 adder zombies (Ossuary)
  2 adder skeletons (D:4)
  6 worms
  2 dart slugs
  6 leopard geckos
  119 orcs
  5 ball pythons
  11 giant cockroaches
  10 goblins
  6 hobgoblins
  8 jackals
  6 quokkas
  4 bats
  10 frilled lizards
  2 goblin skeletons (D:12)
  4 goblin zombies
  4 hobgoblin skeletons (D:12)
  10 hobgoblin zombies
  A jackal skeleton (D:7)
  A jackal zombie (D:6)
  44 kobolds
  A kobold zombie (Ossuary)
  A leopard gecko skeleton (D:4)
  3 orc skeletons (D:12)
  10 orc zombies (D:12)
  A quokka zombie (D:7)
  13 rats
  5 rat zombies (Ossuary)
  2 crawling corpses (Elf:2)
  4 plants
2290 creatures vanquished.

Vanquished Creatures (collateral kills)
  A frost giant (Depths:3)
  A yaktaur captain (Vaults:5)
  2 orc priests (Orc:2)
  An orc (Orc:2)
5 creatures vanquished.

Vanquished Creatures (others)
  A ghost moth (shapeshifter) (Elf:2)
  A dancing weapon (Depths:4)
  2 deep elf magi (Elf:3)
  2 hornets
  2 spriggans (Swamp:4)
  A fire elemental (Depths:4)
  A human (Elf:1)
  An orc warrior (Elf:3)
  A boggart (Vaults:2)
  2 ogres
  2 orc wizards
  A gnoll (Orc:1)
  11 ball lightnings (Depths:4)
  An orc (Orc:2)
  5 fungi
  5 plants
39 creatures vanquished.

Grand Total: 2334 creatures vanquished

Notes
Turn   | Place    | Note
-------+----------+-------------------------------------------
     0 | D:1      | Nattfarinn the Gargoyle Berserker began the quest for the Orb.
     0 | D:1      | Reached XP level 1. HP: 14/14 MP: 1/1
   105 | D:1      | Reached XP level 2. HP: 16/19 MP: 2/2
   420 | D:1      | Reached ** piety under Trog
   426 | D:1      | Reached XP level 3. HP: 23/24 MP: 3/3
   822 | D:2      | Reached XP level 4. HP: 16/29 MP: 4/4
   955 | D:2      | Found a sacrificial altar of Ru.
  1480 | D:2      | Found a shadowy altar of Dithmenos.
  1486 | D:2      | Found a white marble altar of Elyvilon.
  1539 | D:3      | Reached *** piety under Trog
  1575 | D:3      | Found a hazy altar of Hepliaklqana.
  1610 | D:3      | Found a sparkling altar of Nemelex Xobeh.
  1665 | D:3      | Noticed Sigmund
  1673 | D:3      | Killed Sigmund
  1673 | D:3      | Reached skill level 2 in Shields
  1673 | D:3      | Reached XP level 5. HP: 34/34 MP: 5/5
  1673 | D:3      | Reached XP level 6. HP: 40/40 MP: 6/6
  1708 | D:3      | Reached skill level 5 in Fighting
  1739 | D:3      | Noticed Jessica
  1746 | D:3      | Killed Jessica
  1828 | D:3      | You fall through a shaft!
  1840 | D:4      | Reached skill level 5 in Maces & Flails
  1949 | D:4      | Found a stormy altar of Qazlal.
  2140 | D:4      | Reached XP level 7. HP: 44/44 MP: 7/7
  2151 | D:4      | Found a basalt altar of Yredelemnul.
  2226 | D:4      | Found a roughly hewn altar of Beogh.
  2270 | D:4      | Reached **** piety under Trog
  2277 | D:4      | Reached skill level 3 in Shields
  2473 | D:4      | Found a burning altar of Makhleb.
  2596 | D:4      | Found a glowing drain.
  2600 | Sewer    | Entered a sewer
  2871 | Sewer    | Reached ***** piety under Trog
  3534 | D:5      | Entered Level 5 of the Dungeon
  3553 | D:5      | Reached skill level 4 in Shields
  3553 | D:5      | Reached XP level 8. HP: 45/51 MP: 8/8
  3567 | D:5      | Reached skill level 5 in Armour
  3879 | D:5      | Found a staircase to the Ecumenical Temple.
  4188 | D:6      | Found a sand-covered staircase.
  4194 | Ossuary  | Entered an ossuary
  4446 | D:6      | Noticed Edmund
  4457 | D:6      | Killed Edmund
  4457 | D:6      | Reached skill level 5 in Shields
  4596 | D:6      | Noticed Peloso's ghost (novice MiFi)
  4608 | D:6      | Killed Peloso's ghost
  4608 | D:6      | Reached XP level 9. HP: 51/57 MP: 9/9
  4647 | D:6      | Reached skill level 6 in Shields
  5409 | D:7      | Reached skill level 7 in Shields
  5416 | D:7      | Noticed a hellwing
  5417 | D:7      | Noticed a hellwing
  5455 | D:7      | Reached XP level 10. HP: 59/64 MP: 10/10
  5921 | D:7      | Reached skill level 8 in Shields
  7121 | D:8      | Reached ****** piety under Trog
  7218 | D:8      | Reached skill level 9 in Shields
  7302 | D:8      | Noticed a two-headed ogre
  7316 | D:8      | Killed a two-headed ogre
  7316 | D:8      | Reached XP level 11. HP: 71/71 MP: 9/11
  7569 | D:8      | Found a staircase to the Lair.
  8219 | D:8      | Received a gift from Trog
  8241 | D:8      | Got a transparent hunting sling {god gift}
  8246 | D:8      | Identified the +2 hunting sling "Xucval" {venom, -Tele rElec Int+4} (Trog gifted it to you on level 8 of the Dungeon)
  8486 | D:9      | Found an opulent altar of Gozag.
  8731 | D:9      | Reached skill level 10 in Shields
  8817 | D:9      | Found a glowing golden altar of the Shining One.
  9036 | D:9      | Found a bloodstained altar of Trog.
  9182 | D:10     | Entered Level 10 of the Dungeon
  9376 | D:10     | Reached skill level 10 in Fighting
  9957 | D:10     | Noticed Gastronok
  9975 | D:10     | Killed Gastronok
  9975 | D:10     | Reached skill level 10 in Maces & Flails
 10331 | D:11     | Noticed an orange crystal statue
 10486 | D:11     | Reached XP level 12. HP: 79/79 MP: 12/12
 10487 | D:11     | Reached skill level 10 in Armour
 10773 | D:11     | Received a gift from Trog
 11242 | D:12     | Found a staircase to the Orcish Mines.
 11481 | D:12     | Noticed Rupert
 11500 | D:12     | Killed Rupert
 11681 | D:12     | Received a gift from Trog
 12128 | D:12     | Noticed an eight-headed hydra
 12134 | D:12     | Killed an eight-headed hydra
 12519 | D:13     | Noticed a seven-headed hydra
 12527 | D:13     | Killed a seven-headed hydra
 12618 | D:13     | Reached XP level 13. HP: 65/86 MP: 13/13
 13595 | D:14     | Found a gate to the Vaults.
 13671 | D:14     | Received a gift from Trog
 14215 | D:14     | Found a blossoming altar of Fedhas.
 14311 | D:15     | Entered Level 15 of the Dungeon
 15122 | D:15     | Found a burning altar of Makhleb.
 15141 | D:15     | Noticed a fire dragon
 15156 | D:15     | Killed a fire dragon
 15439 | D:15     | Found a staircase to the Depths.
 15439 | D:15     | Noticed an ogre mage
 15451 | D:15     | Gained mutation: Your large and strong wings let you fly indefinitely. [Gargoyle growth]
 15451 | D:15     | Reached XP level 14. HP: 95/95 MP: 14/14
 15904 | D:15     | Received a gift from Trog
 16237 | Lair:1   | Entered Level 1 of the Lair of Beasts
 16430 | Lair:1   | Noticed Prince Ribbit
 16468 | Lair:1   | Killed Prince Ribbit
 16479 | Lair:1   | Noticed Erica
 16500 | Lair:1   | Killed Erica
 16702 | Lair:1   | You are sucked into a shaft!
 16883 | Lair:2   | Found a staircase to the Swamp.
 17229 | Lair:2   | Got a heavily runed chain mail
 17243 | Lair:2   | Identified the +11 chain mail "Boegh" {rF+++ MR+ Str+4 Dex-3} (You found it on level 2 of the Lair of Beasts)
 17515 | Lair:2   | Received a gift from Trog
 17834 | Lair:3   | Found a hole to the Spider Nest.
 18828 | Lair:4   | Reached skill level 15 in Fighting
 19328 | Lair:4   | Received a gift from Trog
 19434 | Lair:4   | Found a glowing golden altar of the Shining One.
 19990 | Lair:5   | Reached XP level 15. HP: 90/103 MP: 15/15
 21293 | Lair:6   | Entered Level 6 of the Lair of Beasts
 21293 | Lair:6   | Found a staircase to the Slime Pits.
 21293 | Lair:6   | Found a viscous altar of Jiyva.
 21303 | Lair:6   | Noticed SirMumm's ghost (journeyman GrWz)
 21959 | Lair:6   | Killed SirMumm's ghost
 22342 | Lair:6   | Noticed Snorg
 22353 | Lair:6   | Killed Snorg
 23212 | Lair:6   | Reached XP level 16. HP: 96/112 MP: 16/16
 23599 | Orc:1    | Entered Level 1 of the Orcish Mines
 23599 | Orc:1    | Noticed Fannar
 23646 | Orc:1    | Received a gift from Trog
 23655 | Orc:1    | Killed Fannar
 23860 | Orc:2    | Entered Level 2 of the Orcish Mines
 23879 | Orc:2    | Reached skill level 15 in Maces & Flails
 24072 | Orc:2    | Found a roughly hewn altar of Beogh.
 24088 | Orc:2    | Reached skill level 5 in Dodging
 24094 | Orc:2    | Found Xitu's Jewellery Emporium.
 24172 | Orc:2    | Found a staircase to the Elven Halls.
 24231 | Orc:2    | Found a roughly hewn altar of Beogh.
 24262 | Orc:2    | Found a roughly hewn altar of Beogh.
 24390 | Orc:2    | Found Viubept's Distillery.
 24395 | Orc:2    | Bought a potion of invisibility for 104 gold pieces
 24395 | Orc:2    | Bought a potion of curing for 39 gold pieces
 24395 | Orc:2    | Bought a potion of heal wounds for 65 gold pieces
 24493 | Orc:2    | Received a gift from Trog
 24807 | Orc:2    | Noticed Josephine
 24821 | Orc:2    | Killed Josephine
 25175 | Orc:2    | Found a roughly hewn altar of Beogh.
 25266 | Orc:2    | Found a roughly hewn altar of Beogh.
 25387 | Orc:2    | Noticed Saint Roka
 25407 | Orc:2    | Received a gift from Trog
 25528 | Orc:1    | Found Uciqienn's Distillery.
 25893 | Orc:2    | Found Butol's Antique Armour Shop.
 25894 | Orc:2    | Found a roughly hewn altar of Beogh.
 25895 | Orc:2    | Found Icidoin's Antique Weapon Boutique.
 25908 | Orc:2    | Bought a pair of embroidered boots for 270 gold pieces
 25913 | Orc:2    | Identified a +2 pair of boots of running (You bought it in a shop on level 2 of the Orcish Mines)
 25990 | Orc:2    | Found a roughly hewn altar of Beogh.
 26039 | Orc:2    | Killed Saint Roka
 26563 | Slime:1  | Entered Level 1 of the Pits of Slime
 26563 | Slime:1  | Noticed an acid blob
 26659 | Swamp:1  | Entered Level 1 of the Swamp
 26689 | Swamp:1  | Gained mutation: You are weak. (Str -2) [potion of mutation]
 26689 | Swamp:1  | Gained mutation: You are very weak. (Str -4) [potion of mutation]
 26689 | Swamp:1  | Gained mutation: Your flesh is heat resistant. (rF+) [potion of mutation]
 26690 | Swamp:1  | Lost mutation: You are very weak. (Str -4) [potion of mutation]
 26690 | Swamp:1  | Gained mutation: You are partially covered in iridescent scales. (AC +2) [potion of mutation]
 26690 | Swamp:1  | Lost mutation: You are weak. (Str -2) [potion of mutation]
 26690 | Swamp:1  | Gained mutation: You can translocate small distances at will. [potion of mutation]
 27859 | Swamp:2  | Received a gift from Trog
 28299 | Swamp:2  | HP: 4/116 [spriggan druid/angry trees (12)]
 28667 | Swamp:2  | Reached skill level 15 in Armour
 28772 | Swamp:3  | Reached XP level 17. HP: 107/122 MP: 5/17
 28990 | Swamp:3  | Found a frozen archway.
 29373 | Swamp:3  | Found a blossoming altar of Fedhas.
 29377 | Swamp:3  | Noticed Louise
 29391 | Swamp:3  | Killed Louise
 29582 | Swamp:3  | Received a gift from Trog
 29646 | Swamp:4  | Entered Level 4 of the Swamp
 30437 | Swamp:4  | Reached skill level 11 in Shields
 30513 | Swamp:4  | Noticed Roxanne
 31194 | Swamp:4  | Received a gift from Trog
 31310 | Swamp:4  | Got a decaying rune of Zot
 31552 | Swamp:3  | Got a brightly glowing hand axe
 31553 | Swamp:3  | Identified the +6 hand axe "Taphig" {chop, rPois rC- rN+} (You found it on level 3 of the Swamp)
 31757 | Elf:1    | Entered Level 1 of the Elven Halls
 31764 | Elf:1    | Reached skill level 12 in Shields
 31768 | Elf:1    | Received a gift from Trog
 32085 | Elf:1    | Reached XP level 18. HP: 126/129 MP: 6/18
 32504 | Elf:1    | Noticed Kirke
 32534 | Elf:1    | Killed Kirke
 32754 | Elf:1    | Received a gift from Trog
 33123 | Elf:2    | Reached skill level 13 in Shields
 33457 | Elf:2    | Found a huge runed gate.
 33459 | Elf:2    | Found a huge runed gate.
 33459 | Elf:2    | Found a huge runed gate.
 33460 | Elf:2    | Found a huge runed gate.
 33460 | Elf:2    | Found a huge runed gate.
 33597 | Elf:2    | Found an ancient bone altar of Kikubaaqudgha.
 33811 | Elf:2    | Noticed a deep elf blademaster
 33834 | Elf:2    | Killed a deep elf blademaster
 34259 | Elf:2    | Received a gift from Trog
 34732 | Elf:3    | Entered Level 3 of the Elven Halls
 34775 | Elf:3    | Reached skill level 14 in Shields
 34828 | Elf:3    | Noticed a deep elf blademaster
 34837 | Elf:3    | Noticed a Hell Sentinel
 34838 | Elf:3    | Cast into level 2 of the Abyss (a deep elf demonologist)
 34838 | Abyss:2  | Found a corrupted altar of Lugonu.
 35224 | Abyss:2  | Noticed an ancient lich
 35226 | Abyss:2  | Paralysed by an ancient lich for 7 turns
 35242 | Abyss:2  | Killed an ancient lich
 35242 | Abyss:2  | Reached XP level 19. HP: 52/136 MP: 6/19
 35253 | Elf:3    | Escaped the Abyss
 35254 | Elf:3    | Noticed an Ice Fiend
 35650 | Elf:3    | Received a gift from Trog
 35650 | Elf:3    | Reached skill level 15 in Shields
 36547 | Elf:2    | Cast into level 2 of the Abyss (a deep elf sorcerer)
 36700 | Elf:2    | Escaped the Abyss
 37347 | Elf:3    | Reached skill level 16 in Shields
 37395 | Elf:3    | Noticed a Hell Sentinel
 37412 | Elf:3    | Noticed a Hell Sentinel
 37766 | Elf:3    | Noticed a Brimstone Fiend
 38164 | Elf:3    | Received a gift from Trog
 38584 | Elf:3    | Reached XP level 20. HP: 144/144 MP: 6/20
 38941 | Elf:3    | Got a bound turquoise ring
 38942 | Elf:3    | Identified the ring "Aler" {Int+2 Slay+3} (You found it on level 3 of the Elven Halls)
 39312 | Elf:3    | Received a gift from Trog
 39475 | Elf:3    | Reached skill level 17 in Shields
 39538 | Elf:3    | Found Ciceisai's Book Shoppe.
 39961 | Elf:3    | Got a wizard robe
 39963 | Elf:3    | Identified the cursed +0 robe of Gallantry {rF+ rC+ Str+3 Int+4} (You took it off a deep elf sorcerer on level 3 of the Elven Halls)
 40292 | Spider:1 | Entered Level 1 of the Spider Nest
 40292 | Spider:1 | Noticed trancid's ghost (journeyman GrMo)
 40306 | Spider:1 | Killed trancid's ghost
 40808 | Spider:1 | Noticed Donald
 40822 | Spider:1 | Noticed Aizul
 40822 | Spider:1 | Killed Donald
 40836 | Spider:1 | Killed Aizul
 41442 | Spider:2 | Noticed Arachne
 41483 | Spider:1 | Received a gift from Trog
 42033 | Spider:2 | Killed Arachne
 42761 | Spider:3 | Received a gift from Trog
 42867 | Spider:3 | Reached skill level 18 in Shields
 43154 | Spider:4 | Entered Level 4 of the Spider Nest
 43358 | Spider:4 | Got a crystal great sword
 43362 | Spider:4 | Identified the +0 great sword "Pexieq" {slice, MR+ Int+4} (You found it on level 4 of the Spider Nest)
 43758 | Spider:4 | Reached XP level 21. HP: 114/148 MP: 1/21
 44045 | Spider:4 | Got a gossamer rune of Zot
 44176 | Spider:4 | Received a gift from Trog
 44177 | Spider:4 | Got a twisted morningstar {god gift}
 44180 | Spider:4 | Identified the +11 morningstar of the Foremost Tables {speed, rC+} (Trog gifted it to you on level 4 of the Spider Nest)
 45253 | Depths:1 | Entered Level 1 of the Depths
 45310 | Depths:1 | Found a basalt altar of Yredelemnul.
 45512 | Depths:1 | Found Waisogit's Antique Armour Shop.
 45652 | Depths:1 | Reached skill level 10 in Dodging
 45681 | Depths:1 | Found a gateway to Hell.
 45752 | Depths:1 | Found a one-way gate leading to the halls of Pandemonium.
 46150 | Depths:1 | Found a one-way gate to the infinite horrors of the Abyss.
 46377 | Depths:2 | Reached skill level 19 in Shields
 46419 | Depths:2 | Found Joutaf's Distillery.
 46421 | Depths:2 | Found Fitaamam's General Store.
 46423 | Depths:2 | Found Owagoc's Weapon Shop.
 46938 | Depths:2 | Got a twitching glass ring
 46995 | Depths:2 | Received a gift from Trog
 47353 | Depths:2 | Identified the ring "Oqesyz" {+Fly Int+4} (You took it off a rakshasa on level 2 of the Depths)
 47357 | Depths:2 | Got a brightly glowing plate armour
 47762 | Depths:2 | Reached XP level 22. HP: 132/155 MP: 7/22
 47814 | Depths:3 | Noticed a golden dragon
 47940 | Depths:2 | Killed a golden dragon
 48134 | Depths:3 | Found a gateway to a ziggurat.
 48201 | Depths:3 | Reached skill level 20 in Shields
 48395 | Depths:3 | Noticed Xtahua
 48411 | Depths:3 | Received a gift from Trog
 48422 | Depths:3 | Killed Xtahua
 48803 | Depths:3 | Found an iron altar of Okawaru.
 49217 | Depths:3 | Identified the Disquisition on Frigorific Evil
 49249 | Depths:3 | Got a flickering marble ring
 49255 | Depths:3 | Got a transparent ruby amulet
 49259 | Depths:3 | Identified the amulet "Ucalepur" {Inacc rPois rF+} (You found it on level 3 of the Depths)
 49263 | Depths:3 | Identified the ring of Conformity {rCorr rF+ rN+} (You found it on level 3 of the Depths)
 50126 | Depths:4 | Paralysed by a floating eye for 3 turns
 50175 | Depths:4 | Received a gift from Trog
 50771 | Depths:4 | Got a warped wooden ring
 50773 | Depths:4 | Identified the ring of Elyvilon's Wrath {rElec MR- Str+6 Int+4 Stlth-} (You took it off a rakshasa on level 4 of the Depths)
 51200 | Depths:4 | Reached skill level 21 in Shields
 51200 | Depths:4 | Reached XP level 23. HP: 160/160 MP: 7/23
 51423 | Depths:4 | Received a gift from Trog
 51650 | Depths:4 | Identified the +1 plate armour of Wuag {Str+5 Int-2 Dex+4} (You found it on level 2 of the Depths)
 51662 | Depths:4 | Got a crude flail
 51663 | Depths:4 | Identified the cursed +1 flail "Rywoecaeda" {crush, rElec} (You found it on level 4 of the Depths)
 51817 | Depths:4 | Got a fine trident
 51820 | Depths:4 | Got a transparent hunting sling
 51821 | Depths:4 | Identified the +10 trident of the Eternal Warrior {pain, Stlth+} (You found it on level 4 of the Depths)
 51918 | Depths:4 | Got an ancient dagger
 51919 | Depths:4 | Identified the +6 dagger of Action {pierce, Int+2} (You found it on level 4 of the Depths)
 51940 | Depths:4 | Got a pitted great mace
 51952 | Depths:4 | Identified the +7 great mace of Focus {antimagic, rPois rC+ Str-5 Int+6} (You found it on level 4 of the Depths)
 52213 | Depths:5 | Entered Level 5 of the Depths
 52447 | Depths:5 | Found a magical portal.
 53453 | Depths:5 | Noticed a golden dragon
 53482 | Depths:5 | Killed a golden dragon
 53741 | Depths:5 | Received a gift from Trog
 53827 | Depths:5 | Found a gate to the Realm of Zot.
 54388 | Vaults:1 | Entered Level 1 of the Vaults
 54763 | Vaults:1 | Received a gift from Trog
 54790 | Vaults:1 | Got a steaming longbow {god gift}
 54791 | Vaults:1 | Identified the +1 longbow of Ehuege Koedi {freeze, rN+ MR++ Str-2 SInv} (Trog gifted it to you on level 1 of the Vaults)
 54865 | Vaults:1 | Found Deisuv's Antique Armour Emporium.
 55089 | Vaults:1 | Reached skill level 22 in Shields
 56018 | Vaults:2 | Reached XP level 24. HP: 161/166 MP: 7/23
 56183 | Vaults:2 | Found a staircase to the Crypt.
 56203 | Vaults:2 | Received a gift from Trog
 56206 | Vaults:2 | Got a steaming morningstar {god gift}
 56207 | Vaults:2 | Identified the +7 morningstar of Modesty {vamp, *Contam rElec rF++} (Trog gifted it to you on level 2 of the Vaults)
 56261 | Vaults:2 | Gained mutation: You are occasionally teleported next to monsters. [mutagenic glow]
 57144 | Vaults:2 | Received a gift from Trog
 57429 | Vaults:2 | Identified Qioxiph's Almanac of Torrid Confrontation
 57996 | Vaults:3 | Received a gift from Trog
 57996 | Vaults:3 | Reached skill level 23 in Shields
 58131 | Vaults:3 | Identified 5 scrolls of acquirement
 58132 | Vaults:3 | Got a pitted turquoise ring
 58134 | Vaults:3 | Identified the ring of Autumn {rElec rF+ Dex+2 Stlth+} (You acquired it on level 3 of the Vaults)
 58152 | Vaults:3 | Got a sparkling diamond amulet
 58154 | Vaults:3 | Identified the amulet "Piklokhu" {rF+ Regen+ Str+3 Stlth+} (You acquired it on level 3 of the Vaults)
 59243 | Vaults:4 | Reached XP level 25. HP: 171/171 MP: 7/23
 60011 | Vaults:4 | Received a gift from Trog
 60126 | Vaults:4 | Noticed Jory
 60149 | Vaults:4 | Killed Jory
 60593 | Vaults:5 | Entered Level 5 of the Vaults
 60627 | Vaults:5 | Received a gift from Trog
 60809 | Vaults:5 | Reached skill level 24 in Shields
 60938 | Vaults:5 | Received a gift from Trog
 61034 | Vaults:5 | Killed from afar by a titan

Skill      XL: |  1  2  3  4  5  6  7  8  9 10 11 12 13 14 15 16 17 18 19 20 21 22 23 24 25 |
---------------+----------------------------------------------------------------------------+-----
Fighting       | 4 5 7 9 10 12 13 15 17 19 20 21 | 21.1
Dodging        | 2 4 5 6 8 9 10 11 12 13 | 13.1
Maces & Flails | 4 5 7 8 9 10 12 13 14 15 16 18 19 20 21 22 23 | 23.6
Armour         | 3 4 6 7 8 9 11 13 14 15 | 15.4
Shields        | 2 4 5 7 9 10 12 14 16 18 19 21 22 23 24 | 24.3

Action                   |  1- 3 |  4- 6 |  7- 9 | 10-12 | 13-15 | 16-18 | 19-21 | 22-24 | 25-27 || total
-------------------------+-------+-------+-------+-------+-------+-------+-------+-------+-------++-------
Melee: Mace              |    40 |       |       |       |       |       |       |       |       ||    40
       Whip              |    63 |   163 |   537 |   452 |       |       |       |       |       ||  1215
       Flail             |       |       |       |   680 |  1526 |   103 |       |       |       ||  2309
       Great mace        |       |       |       |    31 |       |       |       |       |       ||    31
       Demon whip        |       |       |       |       |       |  2221 |  2027 |  2551 |   706 ||  7505
Invok: Berserk           |       |     1 |     2 |     4 |     6 |     9 |     4 |     4 |     2 ||    32
       Burn Spellbooks   |       |       |     1 |     2 |     3 |     6 |     5 |     6 |     1 ||    24
       Brothers in Arms  |       |       |       |       |       |     1 |       |     1 |     2 ||     4
       Trog's Hand       |       |       |       |       |       |     1 |       |     2 |     4 ||     7
 Abil: Fly               |       |       |       |       |     1 |       |       |       |       ||     1
  Use: Scroll            |       |       |     8 |    11 |    13 |    15 |    20 |     9 |     1 ||    77
       Potion            |       |       |       |     3 |     4 |    11 |       |       |    12 ||    30
 Stab: Confused          |       |       |       |       |       |     2 |       |       |       ||     2
       Distracted        |       |       |       |       |       |     1 |       |       |       ||     1
  Eat: Chunk             |       |     5 |    12 |    31 |    46 |    40 |    46 |    51 |       ||   231
       Meat ration       |       |       |       |     1 |       |     1 |       |       |     2 ||     4
       Royal jelly       |       |       |       |       |       |       |     1 |       |       ||     1
Armor: Animal skin       |    37 |     2 |       |       |       |       |       |       |       ||    39
       Scale mail        |       |    94 |   251 |   274 |       |       |       |       |       ||   619
       Ring mail         |       |     2 |       |       |       |       |       |       |       ||     2
       Plate armour      |       |       |       |   416 |   415 |       |       |       |       ||   831
       Chain mail        |       |       |       |       |   667 |  1078 |   640 |   406 |   133 ||  2924
Dodge: Dodged            |    73 |   120 |   203 |   462 |   557 |   496 |   307 |   244 |    97 ||  2559
Block: Buckler           |       |    36 |   127 |   406 |   551 |   344 |       |       |       ||  1464
       Large shield      |       |       |       |       |       |   909 |  1895 |  1931 |   616 ||  5351
       Rpst.: Demon whip |       |       |       |       |       |       |    44 |    39 |    18 ||   101
